 Dungeon Crawl Stone Soup version 0.27.1-33-g824d729ab1 (webtiles) character file.

Game seed: 14245217905743347756

45527 jlumianski the Nimble (level 14, 0/101 HPs)
             Began as a Gnoll Monk on Dec 23, 2021.
             Was a Follower of Hepliaklqana.
             Slain by a komodo dragon (1 damage)
             ... on level 3 of the Lair of Beasts.
             The game lasted 02:46:53 (28009 turns).

jlumianski the Nimble (Gnoll Monk)                 Turns: 28009, Time: 02:46:54

Health: 0/101      AC: 18    Str: 18    XL:     14   Next: 33%
Magic:  27/27      EV: 16    Int: 16    God:    Hepliaklqana [*.....]
Gold:   686        SH:  8    Dex: 16    Spells: 23/31 levels left

rFire    . . .     SeeInvis .   m - +6 eveningstar
rCold    + . .     Faith    +   A - +2 buckler {AC+3}
rNeg     + + .     Spirit   .   r - +6 ring mail of Resilience {Dex+2}
rPois    .         Reflect  .   R - +1 hat {Will+}
rElec    .         Harm     .   (no cloak)
rCorr    .         Rampage  .   h - +0 pair of gloves
Will     ++...                  (no boots)
Stlth    ++........             N - amulet "Mioror" {Faith Dex+3}
HPRegen  0.26/turn              w - ring of ice
MPRegen  0.20/turn              E - ring of Sutaegi {rF+ rN++ Str+6 Int+2 Dex-3}

@: very slow
A: reduced essence, fangs 1, strong nose, distributed training
a: Renounce Religion, Recall Ancestor, Ancestor Identity


You were on level 3 of the Lair of Beasts.
You worshipped Hepliaklqana.
Hepliaklqana was aware of your devotion.
You visited 4 branches of the dungeon, and saw 19 of its levels.
You also visited: Trove.

You collected 1504 gold pieces.
You spent 818 gold pieces at shops.

Inventory:

Hand Weapons
 c - the +3 hunting sling of Megalomania {flame, rPois Dex+4}
   (You found it on level 4 of the Dungeon)

   Any ammunition fired from it burns those it strikes, dealing additional fire
   damage.
   Dex:       It affects your dexterity (+4).
   rPois:     It protects you from poison.
 m - a +6 eveningstar (weapon)
 Q - a +4 flail of holy wrath
Missiles
 i - 39 poisoned darts
 n - 7 javelins
 u - 12 boomerangs (quivered)
 D - 6 atropa-tipped darts
 L - a curare-tipped dart
Armour
 h - a +0 pair of gloves (worn)
 r - the +6 ring mail of Resilience (worn) {Dex+2}
   (You bought it in a shop on level 2 of the Orcish Mines)

   Dex:       It affects your dexterity (+2).
 A - a +2 buckler of protection (worn)
 R - a +1 hat of willpower (worn)
Jewellery
 a - a ring of positive energy
 e - a ring of fire
 f - an amulet of magic regeneration
 j - a ring of willpower
 k - a ring of ice
 w - a ring of ice (left hand)
 y - the ring "Itwei" {rElec rPois Dex-5 SInv}
   (You found it in a treasure trove)

   [ring of see invisible]

   Dex:       It affects your dexterity (-5).
   rElec:     It insulates you from electricity.
   rPois:     It protects you from poison.
   SInv:      It lets you see invisible.
 z - the ring "Qapp" {rPois rCorr Int+4 Dex+2}
   (You found it in a treasure trove)

   [ring of resist corrosion]

   Int:       It affects your intelligence (+4).
   Dex:       It affects your dexterity (+2).
   rPois:     It protects you from poison.
   rCorr:     It protects you from acid and corrosion.
 C - a ring of ice
 E - the ring of Sutaegi (right hand) {rF+ rN++ Str+6 Int+2 Dex-3}
   (You found it in a treasure trove)

   [ring of strength]

   Str:       It affects your strength (+6).
   Int:       It affects your intelligence (+2).
   Dex:       It affects your dexterity (-3).
   rF:        It protects you from fire.
   rN:        It greatly protects you from negative energy.
 F - the ring "Nefud" {Int+6 SInv}
   (You found it in a treasure trove)

   [ring of intelligence]

   Int:       It affects your intelligence (+6).
   SInv:      It lets you see invisible.
 N - the amulet "Mioror" (around neck) {Faith Dex+3}
   (You found it in a treasure trove)

   [amulet of faith]

   It allows you to gain divine favour quickly.
   Dex:       It affects your dexterity (+3).
 U - an amulet of reflection
Wands
 g - a wand of acid (7)
 t - a wand of paralysis (13)
 B - a wand of iceblast (15)
 S - a wand of flame (14)
Scrolls
 b - 2 scrolls of torment
 d - a scroll of immolation
 l - 2 scrolls of identify
 q - a scroll of teleportation
 I - 2 scrolls of blinking
Potions
 o - a potion of invisibility
 v - 2 potions of flight
 T - 5 potions of lignification
 V - 4 potions of curing
 Y - a potion of haste


   Skills:
 + Level 11.1 Fighting
 + Level 9.1 Short Blades
 + Level 9.1 Long Blades
 + Level 11.1 Axes
 + Level 9.1 Maces & Flails
 + Level 9.1 Polearms
 + Level 9.1 Staves
 + Level 9.1 Slings
 + Level 9.1 Bows
 + Level 9.1 Crossbows
 + Level 9.1 Throwing
 + Level 9.1 Armour
 + Level 11.1 Dodging
 + Level 10.0 Stealth
 + Level 9.1 Shields
 + Level 9.1 Unarmed Combat
 + Level 9.1 Spellcasting
 + Level 7.6 Conjurations
 + Level 7.6 Hexes
 + Level 7.6 Summonings
 + Level 7.6 Necromancy
 + Level 7.6 Translocations
 + Level 7.6 Transmutations
 + Level 7.6 Fire Magic
 + Level 7.6 Ice Magic
 + Level 7.6 Air Magic
 + Level 7.6 Earth Magic
 + Level 7.6 Poison Magic
 + Level 9.9 Invocations
 + Level 9.1 Evocations


You had 23 spell levels left.
You knew the following spells:

 Your Spells              Type           Power      Damage    Failure   Level
a - Foxfire               Conj/Fire      100%       2x1d9     1%          1
b - Blink                 Tloc           N/A        N/A       1%          2
c - Poisonous Vapours     Pois/Air       62%        N/A       1%          2
d - Ozocubu's Armour      Ice            47%        N/A       1%          3

Your spell library contained the following spells:

 Spells                   Type           Power      Damage    Failure   Level
 Magic Dart               Conj           100%       1d8       1%          1
 Corpse Rot               Necr/Air       N/A        N/A       1%          2
 Searing Ray              Conj           62%        3d5       1%          2
 Conjure Flame            Conj/Fire      31%        6-21      1%          3
 Inner Flame              Hex/Fire       31%        N/A       1%          3
 Lesser Beckoning         Tloc           15%        N/A       1%          3
 Animate Dead             Necr           15%        N/A       7%          4
 Fulminant Prism          Conj/Hex       15%        3d11      7%          4
 Freezing Cloud           Conj/Ice/Air   23%        6-21      19%         5
 Manifold Assault         Tloc           31%        N/A       19%         5
 Dispersal                Tloc           15%        N/A       71%         6
 Haunt                    Necr/Summ      15%        N/A       99%         7
 Ozocubu's Refrigeration  Ice            23%        4d9       99%         7
 Disjunction              Tloc           15%        N/A       100%        8
 Infestation              Necr           15%        N/A       100%        8


Dungeon Overview and Level Annotations

Branches:
Dungeon (13/15)            Temple (1/1) D:4            Lair (3/6) D:10
 Shoals (0/4) Lair:3          Orc (2/2) D:10            Elf (0/3) Orc:2
  Snake: Lair:2-4    Spider: Lair:2-4    Vaults: D:13-14

Altars:
Ashenzari
Cheibriados
Dithmenos
Elyvilon
Fedhas
Gozag
Hepliaklqana
Kikubaaqudgha
Makhleb
Nemelex Xobeh
Okawaru
Qazlal
Ru
Sif Muna
Trog
Uskayaw
Vehumet
Wu Jian
Xom
Yredelemnul
Zin
The Shining One
Beogh

Shops:
Orc:1 *   Orc:2 [=(*

Annotations:
D:6 3 runed translucent doors, taylordye's ghost, novice HOFi
D:9 1 runed translucent door, pkoi's ghost, novice DrGl
Lair:2 Maggie
Orc:2 1 transporter, Jack47's ghost, journeyman MiBe


Innate Abilities, Weirdness & Mutations

Your life essence is reduced to manifest your ancestor. (-10% HP)
You have very sharp teeth.
Your uncanny sense of smell can sniff out nearby items.
Your experience applies equally to all skills.


Message History

The bolt of cold misses you.
You miss something.
Iltani hits something with a +0 dagger of draining.
Something hits you. Something freezes you.
You sock something!
Iltani hits something with a +0 dagger of draining!
Reactivating autopickup.
You feel a bit more experienced.
Iltani hits the blink frog with a +0 dagger of draining!
Items here: ! ) = [ †.
You bludgeon the blink frog!!
You kill the blink frog!
k - a ring of ice;
o - a potion of invisibility You open the door.
A komodo dragon comes into view.
There is an open door here.
You enter the shallow water.
Moving in this stuff is going to be slow.
The komodo dragon bites you.
Iltani gestures at the komodo dragon while chanting.
The komodo dragon easily resists.
The komodo dragon bites you. The komodo dragon bites you!
* * * LOW HITPOINT WARNING * * *
You bludgeon the komodo dragon!!
The komodo dragon is heavily wounded.
You hear an angry hiss.
Iltani casts a spell at the komodo dragon.
The komodo dragon easily resists.
The komodo dragon bites Iltani!!
Iltani hits the komodo dragon but does no damage.
You strike the helpless komodo dragon from behind!
You bludgeon the komodo dragon!!
You kill the komodo dragon!
A komodo dragon comes into view.
The komodo dragon bites you!!
* * * LOW HITPOINT WARNING * * *
You sock the komodo dragon!
The komodo dragon is moderately wounded.
Iltani gestures at the komodo dragon while chanting.
The komodo dragon easily resists.
The komodo dragon bites you.
You die...

*,#.P###.....#......* **,,,,**,,,
*#...###..........P###*,,,,,,,,,,
*.......#.....#...P...,,,,,**,,,,
*.........P......P....,,,**,**,,,
**....[..)P#...#P....P,,,*****,*,
*........[...........,,,,* **,*
*..........#.'####,*****,*****,,
*............#R≈≈#,*≈≈≈*,**,*,,,
*#.[.###.#...#≈@≈#**≈≈≈*,,**,,,,
####* #.#..##l≈≈#≈*≈≈≈**,*,,,,,
##..##≈####≈+***≈****,*,,
##.##≈≈≈*≈≈≈*≈≈≈* **,,,
####≈≈≈*≈>≈*≈≈≈* ***,,,
#≈≈≈*≈≈≈*≈≈≈***,*,,,
#≈***+≈****≈*,,,,,,,
****≈≈≈*≈*≈≈≈**,,**,**
**,,*≈≈≈***≈≈≈*,,*****


You could see the friendly Iltani the hexer and a komodo dragon (ally target).

Vanquished Creatures
  Gastronok (D:8)
  An orc warlord (Orc:2)
  Josephine (D:11)
  6 hydras
  A boulder beetle (D:12)
  A death knight (D:12)
  2 centaur warriors (D:13)
  A two-headed ogre (D:12)
  An orc high priest (Orc:2)
  Urug (Orc:2)
  An orc sorcerer (Orc:1)
  An orc knight (Orc:1)
  2 oklob plants (Lair:1)
  A cyclops (Orc:1)
  A manticore (D:11)
  3 cane toads (Lair:1)
  A freezing wraith (D:11)
  3 yaktaurs (D:13)
  A komodo dragon (Lair:3)
  A tengu conjurer (D:13)
  2 trolls
  3 slime creatures
  A hornet (D:7)
  2 blink frogs (Lair:3)
  A wyvern (Lair:2)
  2 shadows
  2 vampires
  15 yaks
  2 wraiths
  3 basilisks
  A warg (Orc:1)
  3 acid dragons
  20 water moccasins
  A sky beast (D:7)
  12 orc warriors
  A black bear (D:4)
  An ogre (Orc:1)
  A necrophage (D:7)
  5 centaurs
  4 wolves (Lair:1)
  2 phantoms
  A kobold brigand (D:6)
  6 bullfrogs
  A gnoll sergeant (D:12)
  3 scorpions (D:4)
  A water moccasin zombie (D:6)
  3 troll zombies (D:10)
  A water moccasin skeleton (D:4)
  5 killer bees (D:9)
  A wight (D:6)
  2 howler monkeys (D:11)
  3 electric eels (Lair:1)
  2 lava snakes (D:9)
  2 centaur zombies (D:6)
  A jelly (D:8)
  10 orc priests
  Ijyb (D:5)
  2 hexers (D:10)
  An iguana (D:7)
  15 orc wizards
  4 ogre zombies (D:10)
  2 hound skeletons (D:4)
  2 howler monkey zombies
  19 adders
  An ufetubus (D:6)
  An adder skeleton (D:4)
  4 worms
  25 orcs
  3 ball pythons
  A bat (D:2)
  6 endoplasms
  A giant cockroach (D:4)
  6 goblins
  4 hobgoblins
  16 kobolds
  9 quokkas
  2 frilled lizards
  A goblin skeleton (D:10)
  A goblin zombie (D:10)
  2 hobgoblin skeletons (D:10)
  A hobgoblin zombie (D:10)
  3 orc skeletons (D:10)
  10 orc zombies
  2 rats (D:1)
302 creatures vanquished.

Vanquished Creatures (collateral kills)
  Fannar (Lair:3)
  2 hydras (Lair:2)
  A two-headed ogre (D:11)
  A centaur warrior (D:13)
  2 orc knights
  2 orc sorcerers (Orc:2)
  A cyclops (D:11)
  A manticore (D:10)
  A cane toad (Lair:3)
  2 freezing wraiths (D:11)
  3 kobold demonologists
  A komodo dragon (D:10)
  A yaktaur (D:13)
  A tengu conjurer (D:13)
  An efreet (D:13)
  6 trolls
  The ghost of JamezByez the Covered, an amateur MiFi (D:4)
  A blink frog (Lair:3)
  A hornet (D:8)
  Prince Ribbit (D:8)
  3 wraiths
  A shadow (D:12)
  5 yaks
  3 wargs (Orc:1)
  Edmund (D:5)
  7 water moccasins
  An acid dragon (D:12)
  11 orc warriors
  A swamp drake (Lair:1)
  An ice beast (D:5)
  2 black bears (D:5)
  A necrophage (D:4)
  4 ogres
  A phantom (D:4)
  2 centaurs (D:13)
  2 kobold brigands
  Blork the orc (D:5)
  A bullfrog (D:8)
  A water moccasin skeleton (D:6)
  A killer bee (D:9)
  2 wights (D:6)
  An electric eel (D:9)
  A centaur zombie (D:5)
  4 orc priests
  A hound (D:7)
  2 jellies
  2 centaur skeletons (D:5)
  10 orc wizards
  An ogre zombie (D:10)
  A mummy (D:5)
  2 adders
  3 gnolls
  2 shadow imps
  An ufetubus (D:6)
  A worm (D:5)
  9 orcs
  A ball python (D:4)
  2 endoplasms (D:4)
  2 goblins (D:4)
  A hobgoblin (D:4)
  A goblin skeleton (D:10)
  A hobgoblin zombie (D:10)
  10 kobolds
  8 orc zombies
150 creatures vanquished.

Vanquished Creatures (others)
  A water moccasin (Lair:1)
  An orc warrior (Orc:2)
  An orc wizard (Orc:2)
  An adder (Lair:1)
  25 hexers
  A kobold (D:8)
  62 foxfires
  5 fungi (Lair:1)
  19 plants
116 creatures vanquished.

Grand Total: 568 creatures vanquished

Notes
Turn   | Place    | Note
-------+----------+-------------------------------------------
     0 | D:1      | jlumianski the Gnoll Monk began the quest for the Orb.
     0 | D:1      | Reached XP level 1. HP: 23/23 MP: 1/1
   245 | D:1      | Reached XP level 2. HP: 29/29 MP: 2/2
   323 | D:1      | Learned a level 1 spell: Foxfire
   509 | D:1      | Found a faded altar of an unknown god.
   643 | D:2      | Reached XP level 3. HP: 15/35 MP: 3/3
  1272 | D:2      | Reached skill level 1 in Invocations
  1362 | D:2      | Reached skill level 1 in Short Blades
  1362 | D:2      | Reached skill level 1 in Long Blades
  1362 | D:2      | Reached skill level 1 in Maces & Flails
  1362 | D:2      | Reached skill level 1 in Polearms
  1362 | D:2      | Reached skill level 1 in Staves
  1362 | D:2      | Reached skill level 1 in Slings
  1362 | D:2      | Reached skill level 1 in Bows
  1362 | D:2      | Reached skill level 1 in Crossbows
  1362 | D:2      | Reached skill level 1 in Throwing
  1362 | D:2      | Reached skill level 1 in Armour
  1362 | D:2      | Reached skill level 1 in Shields
  1362 | D:2      | Reached skill level 1 in Unarmed Combat
  1362 | D:2      | Reached skill level 1 in Spellcasting
  1362 | D:2      | Reached skill level 1 in Evocations
  1579 | D:2      | Reached XP level 4. HP: 29/41 MP: 5/5
  2180 | D:4      | Found a staircase to the Ecumenical Temple.
  2202 | D:4      | Reached skill level 1 in Conjurations
  2202 | D:4      | Reached skill level 1 in Hexes
  2202 | D:4      | Reached skill level 1 in Summonings
  2202 | D:4      | Reached skill level 1 in Necromancy
  2202 | D:4      | Reached skill level 1 in Translocations
  2202 | D:4      | Reached skill level 1 in Transmutations
  2202 | D:4      | Reached skill level 1 in Fire Magic
  2202 | D:4      | Reached skill level 1 in Ice Magic
  2202 | D:4      | Reached skill level 1 in Air Magic
  2202 | D:4      | Reached skill level 1 in Earth Magic
  2202 | D:4      | Reached skill level 1 in Poison Magic
  2205 | D:4      | Reached XP level 5. HP: 29/47 MP: 5/7
  2219 | D:4      | Identified the +3 hunting sling of Megalomania {flame,
                  | rPois Dex+4}
  2276 | Temple   | Entered the Ecumenical Temple
  2376 | Temple   | Became a worshipper of Hepliaklqana the Forgotten
  2376 | Temple   | Reached * piety under Hepliaklqana
  2376 | Temple   | Reached ** piety under Hepliaklqana
  2379 | Temple   | Remembered your ancestor Iltani as a hexer
  2507 | D:4      | Reached XP level 6. HP: 46/47 MP: 8/8
  2772 | D:4      | Noticed a black bear
  2780 | D:4      | Killed a black bear
  2989 | D:4      | Noticed a necrophage
  3011 | D:4      | Reached XP level 7. HP: 46/53 MP: 10/10
  3059 | D:4      | Found a runed translucent door.
  3060 | D:4      | Noticed JamezByez's ghost (amateur MiFi)
  3397 | D:4      | Killed JamezByez's ghost
  3398 | D:4      | Reached skill level 5 in Stealth
  3398 | D:4      | Reached XP level 8. HP: 45/60 MP: 10/12
  3502 | D:5      | Entered Level 5 of the Dungeon
  3504 | D:5      | Noticed Ijyb
  3524 | D:5      | Killed Ijyb
  4195 | D:5      | Noticed Blork the orc
  4203 | D:5      | Killed Blork the orc
  4235 | D:5      | Reached XP level 9. HP: 64/64 MP: 14/14
  4336 | D:5      | Noticed Edmund
  4481 | D:5      | Killed Edmund
  5259 | D:6      | Found a runed translucent gate.
  5262 | D:6      | Noticed taylordye's ghost (novice HOFi)
  5263 | D:6      | Found a runed translucent gate.
  5263 | D:6      | Found a runed translucent gate.
  5271 | D:6      | Noticed a white ugly thing
  5448 | D:6      | Reached *** piety under Hepliaklqana
  5979 | D:6      | Learned a level 2 spell: Blink
  6480 | D:7      | Noticed a hornet
  6500 | D:7      | Paralysed by a hornet for 2 turns
  6503 | D:7      | Killed a hornet
  6504 | D:7      | Reached skill level 5 in Invocations
  7098 | D:7      | Reached XP level 10. HP: 72/72 MP: 17/17
  7589 | D:7      | Learned a level 2 spell: Poisonous Vapours
  7730 | D:7      | Reached **** piety under Hepliaklqana
  7763 | D:7      | Identified a scroll of acquirement
  7765 | D:7      | Acquired a +2 buckler of protection
  7854 | D:7      | Reached skill level 5 in Short Blades
  7854 | D:7      | Reached skill level 5 in Long Blades
  7854 | D:7      | Reached skill level 5 in Maces & Flails
  7854 | D:7      | Reached skill level 5 in Polearms
  7854 | D:7      | Reached skill level 5 in Staves
  7854 | D:7      | Reached skill level 5 in Slings
  7854 | D:7      | Reached skill level 5 in Bows
  7854 | D:7      | Reached skill level 5 in Crossbows
  7854 | D:7      | Reached skill level 5 in Throwing
  7854 | D:7      | Reached skill level 5 in Armour
  7854 | D:7      | Reached skill level 5 in Shields
  7854 | D:7      | Reached skill level 5 in Unarmed Combat
  7854 | D:7      | Reached skill level 5 in Spellcasting
  7854 | D:7      | Reached skill level 5 in Evocations
  8144 | D:8      | Noticed Prince Ribbit
  8186 | D:8      | Killed Prince Ribbit
  8581 | D:8      | Noticed Gastronok
  8754 | D:8      | Killed Gastronok
  9546 | D:8      | Reached XP level 11. HP: 14/78 MP: 16/19
 10629 | D:9      | Reached ***** piety under Hepliaklqana
 10737 | D:10     | Entered Level 10 of the Dungeon
 11154 | D:9      | Reached skill level 5 in Conjurations
 11154 | D:9      | Reached skill level 5 in Hexes
 11154 | D:9      | Reached skill level 5 in Summonings
 11154 | D:9      | Reached skill level 5 in Necromancy
 11154 | D:9      | Reached skill level 5 in Translocations
 11154 | D:9      | Reached skill level 5 in Transmutations
 11154 | D:9      | Reached skill level 5 in Fire Magic
 11154 | D:9      | Reached skill level 5 in Ice Magic
 11154 | D:9      | Reached skill level 5 in Air Magic
 11154 | D:9      | Reached skill level 5 in Earth Magic
 11154 | D:9      | Reached skill level 5 in Poison Magic
 11673 | D:9      | Found a runed translucent door.
 11675 | D:9      | Found a shimmering altar of Xom.
 11675 | D:9      | Noticed pkoi's ghost (novice DrGl)
 11676 | D:9      | Noticed a +1 halberd of chaos
 12695 | D:10     | Noticed a manticore
 12705 | D:10     | Killed a manticore
 12713 | D:10     | Found a staircase to the Orcish Mines.
 13266 | D:10     | Found a staircase to the Lair.
 13338 | D:10     | Found a basalt altar of Yredelemnul.
 13450 | D:10     | Learned a level 3 spell: Ozocubu's Armour
 14012 | Lair:1   | Entered Level 1 of the Lair of Beasts
 14230 | D:11     | Noticed a cyclops
 14243 | D:11     | Killed a cyclops
 14519 | D:11     | Noticed Josephine
 14546 | D:11     | Killed Josephine
 14946 | D:11     | Noticed a manticore
 14957 | D:11     | Killed a manticore
 15110 | D:11     | Noticed a two-headed ogre
 15118 | D:11     | Killed a two-headed ogre
 15119 | D:11     | Reached XP level 12. HP: 86/86 MP: 22/22
 15759 | D:11     | Noticed a sun demon
 16266 | Orc:1    | Entered Level 1 of the Orcish Mines
 16461 | Orc:1    | Found Teorogi's General Store.
 16483 | Orc:1    | Bought a potion of heal wounds for 50 gold pieces
 17286 | Orc:2    | Entered Level 2 of the Orcish Mines
 17432 | Orc:2    | Found a staircase to the Elven Halls.
 17543 | Orc:1    | Reached ****** piety under Hepliaklqana
 17750 | Orc:2    | Found a transporter.
 17760 | Orc:2    | Found a transporter.
 17776 | Orc:2    | Found a bloodstained altar of Trog.
 17783 | Orc:2    | Noticed Jack47's ghost (journeyman MiBe)
 17826 | Orc:2    | Noticed a soul eater
 18174 | Orc:2    | Reached skill level 10 in Fighting
 18174 | Orc:2    | Reached skill level 10 in Axes
 18174 | Orc:2    | Reached skill level 10 in Dodging
 18255 | Orc:2    | Noticed Urug
 18274 | Orc:2    | Noticed an orc high priest
 18376 | Orc:2    | Killed an orc high priest
 19008 | Orc:2    | Noticed an orc warlord
 19661 | Orc:2    | HP: 1/85 [Urug (19)]
 19750 | Orc:2    | Killed Urug
 19753 | Orc:2    | Killed an orc warlord
 19754 | Orc:2    | Reached XP level 13. HP: 92/92 MP: 24/24
 19761 | Orc:2    | Found Fiagg's Antique Armour Shop.
 19992 | Orc:2    | Found Wicow's General Store.
 20007 | Orc:2    | Found Baarro's Jewellery Shop.
 20022 | Orc:2    | Found Nepuolam's Antique Weapon Shop.
 20151 | Orc:2    | Bought the +6 ring mail of Resilience {Dex+2} for 768 gold
                  | pieces
 23095 | D:13     | Found a portal to a secret trove of treasure.
 24335 | Trove    | Entered a treasure trove
 24344 | Trove    | Identified the ring of Lynwyon {rN+ rCorr Int+4 Dex-4}
 24352 | Trove    | Identified the ring "Itwei" {rElec rPois Dex-5 SInv}
 24355 | Trove    | Identified the ring "Qapp" {rPois rCorr Int+4 Dex+2}
 24360 | Trove    | Identified the ring of Sutaegi {rF+ rN++ Str+6 Int+2 Dex-3}
 24362 | Trove    | Identified the ring "Nefud" {Int+6 SInv}
 24364 | Trove    | Identified the amulet "Neti" {-Tele rN+ Regen+ Slay+4}
 24375 | Trove    | Identified the ring "Vaelavil" {rPois rN+}
 24380 | Trove    | Identified the amulet "Mioror" {Faith Dex+3}
 26512 | Lair:1   | Reached XP level 14. HP: 84/99 MP: 26/26
 27590 | Lair:2   | Noticed Maggie
 27766 | Lair:2   | HP: 3/101 [seven-headed hydra (9)]
 27928 | Lair:3   | Reached skill level 10 in Stealth
 27978 | Lair:3   | Noticed Fannar
 27992 | Lair:3   | Killed Fannar
 28008 | Lair:3   | HP: 1/101 [komodo dragon (23)]
 28009 | Lair:3   | Slain by a komodo dragon

Illustrated notes

Levels and vault maps discovered:
D:1:      amcnicky_arrival_choice, layout_rooms,
          ebering_ecumenical_altar_sacrificial
D:2:      layout_basic
D:3:      layout_basic, cheibrodos_gnoll_hut
D:4:      layout_loops_ring, temple_pool_b, portal_sewer_entry_f,
          ebering_ghost_sewer_d, hangedman_decor_peaks_small, roderic_lattice_a
D:5:      layout_loops_ring, minmay_mini_ossuary, uniq_blork_the_orc, uniq_ijyb,
          uniq_edmund
D:6:      layout_layer_cave, gammafunk_ghost_split
D:7:      layout_basic
D:8:      layout_basic, uniq_gastronok, uniq_prince_ribbit1
D:9:      layout_stronghold, ebering_ghost_xom, chequers_serial_rivers_micro_d,
          nicolae_lava_and_water
D:10:     layout_small_grid, yredelemnul_altar_generic, david_lair_shrubbed,
          zombieorc2_lemuel
D:11:     layout_stronghold, uniq_josephine
D:12:     layout_cave_pools
D:13:     layout_basic, nicolae_trove_entry_free_sample
Temple:   kilobyte_greek_temple
Lair:1:   lemuel_reptile_caves, layout_layer_cave, serial_bayou_pond_a,
          infiniplex_staircase_pool, minmay_lair_oklob_chamber
Lair:2:   layout_hall_layers, infiniplex_staircase_pool_2, serial_bayou_shore_b,
          uniq_maggie
Lair:3:   layout_misc_corridors, elwin_shoals_entry_rooms,
          portal_ice_cave_demonic_guard, gauntlet_entry_generic,
          serial_bayou_crossing, uniq_fannar
Orc:1:    layout_diamond_mine, serial_shops, shop
Orc:2:    grunt_orc_cross, layout_caves, gammafunk_ghost_wrathful_warriors,
          basic_altar

Skill      XL: |  1  2  3  4  5  6  7  8  9 10 11 12 13 14 |
---------------+-------------------------------------------+-----
Invocations    | 1 2 3 4 5 6 7 8 9 |  9.9
Short Blades   | 1 2 3 4 5 6 7 8 9 |  9.1
Long Blades    | 1 2 3 4 5 6 7 8 9 |  9.1
Maces & Flails | 1 2 3 4 5 6 7 8 9 |  9.1
Polearms       | 1 2 3 4 5 6 7 8 9 |  9.1
Staves         | 1 2 3 4 5 6 7 8 9 |  9.1
Slings         | 1 2 3 4 5 6 7 8 9 |  9.1
Bows           | 1 2 3 4 5 6 7 8 9 |  9.1
Crossbows      | 1 2 3 4 5 6 7 8 9 |  9.1
Throwing       | 1 2 3 4 5 6 7 8 9 |  9.1
Armour         | 1 2 3 4 5 6 7 8 9 |  9.1
Shields        | 1 2 3 4 5 6 7 8 9 |  9.1
Unarmed Combat | 1 2 3 4 5 6 7 8 9 |  9.1
Spellcasting   | 1 2 3 4 5 6 7 8 9 |  9.1
Evocations     | 1 2 3 4 5 6 7 8 9 |  9.1
Conjurations   | 1 2 3 4 5 6 7 |  7.6
Hexes          | 1 2 3 4 5 6 7 |  7.6
Summonings     | 1 2 3 4 5 6 7 |  7.6
Necromancy     | 1 2 3 4 5 6 7 |  7.6
Translocations | 1 2 3 4 5 6 7 |  7.6
Transmutations | 1 2 3 4 5 6 7 |  7.6
Fire Magic     | 1 2 3 4 5 6 7 |  7.6
Ice Magic      | 1 2 3 4 5 6 7 |  7.6
Air Magic      | 1 2 3 4 5 6 7 |  7.6
Earth Magic    | 1 2 3 4 5 6 7 |  7.6
Poison Magic   | 1 2 3 4 5 6 7 |  7.6
Fighting       | 7 8 9 10 11 | 11.1
Axes           | 7 8 9 10 11 | 11.1
Dodging        | 7 8 9 10 11 | 11.1
Stealth        | 5 6 7 8 9 10 | 10.0

Action                   |  1- 3 |  4- 6 |  7- 9 | 10-12 | 13-15 || total
-------------------------+-------+-------+-------+-------+-------++-------
Melee: Hand axe          |   116 |    61 |       |       |       ||   177
       Bite              |    12 |    15 |    42 |    74 |    77 ||   220
       Short sword       |       |    32 |       |       |       ||    32
       Dagger            |       |    17 |   271 |       |       ||   288
       Whip              |       |       |     8 |    31 |       ||    39
       Punch             |       |       |     5 |     1 |       ||     6
       Flail             |       |       |     3 |   484 |       ||   487
       War axe           |       |       |       |    73 |       ||    73
       Eveningstar       |       |       |       |       |   440 ||   440
 Fire: Hunting sling     |       |    23 |    44 |     2 |       ||    69
Throw: Stone             |     9 |     5 |       |       |       ||    14
       Boomerang         |       |       |       |    16 |    30 ||    46
 Cast: Foxfire           |       |       |     1 |    15 |    16 ||    32
       Poisonous Vapours |       |       |       |     7 |       ||     7
       Ozocubu's Armour  |       |       |       |    14 |    17 ||    31
       Blink             |       |       |       |       |     1 ||     1
Invok: Ancestor Life: He |       |     1 |       |       |       ||     1
       Recall Ancestor   |       |       |     4 |    10 |     3 ||    17
       Idealise          |       |       |       |     1 |       ||     1
Evoke: Wand              |       |       |     1 |     8 |     5 ||    14
  Use: Scroll            |       |     7 |     4 |    14 |     5 ||    30
       Potion            |       |     1 |     2 |     5 |     1 ||     9
 Stab: Sleeping          |     4 |     1 |     3 |     4 |     5 ||    17
       Confused          |       |     1 |     5 |    10 |     3 ||    19
       Distracted        |       |     1 |     4 |    15 |     6 ||    26
Armor: Robe              |     1 |       |       |    69 |       ||    70
       Ring mail         |    20 |    36 |   100 |     7 |   275 ||   438
       Troll leather arm |       |       |       |    45 |     1 ||    46
Dodge: Dodged            |    51 |    41 |   135 |   356 |   410 ||   993
Block: Kite shield       |       |    56 |    85 |       |       ||   141
       Buckler           |       |       |       |   191 |   271 ||   462
